 Dungeon Crawl Stone Soup version 0.27.1-33-g824d729ab1 (webtiles) character file.

Game seed: 11608046190805070927

924 ZappyNine the Conjurer (level 7, -4/59 HPs)
             Began as a White Draconian Conjurer on Nov 26, 2021.
             Succumbed to a water moccasin's poison
             ... on level 5 of the Dungeon.
             The game lasted 00:08:48 (5623 turns).

ZappyNine the Conjurer (White Draconian Conjurer)   Turns: 5623, Time: 00:08:49

Health: -4/59      AC:  6    Str: 10    XL:     7   Next: 84%
Magic:  10/13      EV: 12    Int: 20    God:
Gold:   131        SH:  0    Dex:  9    Spells: 4/14 levels left

rFire    . . .     SeeInvis .   j - +4 dagger
rCold    + . .     Faith    .   (no shield)
rNeg     . . .     Spirit   .   (armour unavailable)
rPois    +         Reflect  .   (helmet restricted)
rElec    .         Harm     .   (no cloak)
rCorr    .         Rampage  .   (no gloves)
Will     .....                  (no boots)
Stlth    ++........             (no amulet)
HPRegen  0.19/turn              d - ring of poison resistance
MPRegen  0.13/turn              (no ring)

@: lethally poisoned (-4 -> -34), short of breath
A: breathe frost, AC +6, unfitting armour, cold resistance 1, cold-blooded
a: Breathe Frost


You were on level 5 of the Dungeon.
You visited 1 branch of the dungeon, and saw 5 of its levels.

You collected 152 gold pieces.
You spent 21 gold pieces at shops.

Inventory:

Hand Weapons
 j - a +4 dagger (weapon)
Jewellery
 d - a ring of poison resistance (left hand)
Scrolls
 b - a scroll of fear {unknown}
 e - a scroll of immolation {unknown}
 f - a scroll of teleportation {unknown}
 g - a scroll of identify {unknown}
 i - a scroll of torment {unknown}
 k - a scroll of holy word {unknown}
 l - a scroll of magic mapping {unknown}
Potions
 a - 2 potions of brilliance {unknown}
 c - a potion of attraction {unknown}
 m - a potion of mutation {unknown}


   Skills:
 + Level 4.1 Fighting
 - Level 1.7 Dodging
 - Level 1.7 Stealth
 + Level 4.1 Spellcasting
 + Level 5.6 Conjurations
 - Level 4.9 Hexes


You had 4 spell levels left.
You knew the following spells:

 Your Spells              Type           Power      Damage    Failure   Level
a - Magic Dart            Conj           100%       1d8       1%          1
b - Searing Ray           Conj           52%        3d5       1%          2
c - Fulminant Prism       Conj/Hex       12%        3d9       14%         4
d - Dazzling Flash        Conj/Hex       50%        N/A       4%          3

Your spell library contained the following spells:

 Spells                   Type           Power      Damage    Failure   Level
 Corona                   Hex            26%        N/A       1%          1
 Animate Skeleton         Necr           8%         N/A       13%         1
 Apportation              Tloc           8%         N/A       13%         1
 Summon Small Mammal      Summ           16%        N/A       13%         1
 Iskenderun's Mystic Bla  Conj/Tloc      15%        2d5       36%         4
 Leda's Liquefaction      Hex/Erth       7%         N/A       41%         4
 Bolt of Magma            Conj/Fire/Erth 5%         4d5       85%         5
 Statue Form              Tmut/Erth      2%         N/A       100%        6


Dungeon Overview and Level Annotations

Branches:
Dungeon (5/15)
 Temple: D:4-7

Altars:
Kikubaaqudgha
Nemelex Xobeh
Okawaru
The Shining One

Shops:
D:4 *


Innate Abilities, Weirdness & Mutations

You can breathe waves of freezing cold which knock back foes.
Your icy white scales are hard. (AC +6)
You cannot fit into any form of body armour.
Your flesh is cold resistant. (rC+)
You are cold-blooded and may be slowed by cold attacks.


Message History

The slug dart misses you. The water moccasin bites you.
You are poisoned.
The water moccasin poisons you!
Unknown command.
You feel very sick.
You feel very sick.
You feel very sick. The water moccasin bites you.
You feel sick.
Casting: Searing Ray (safe; 1% risk of failure)
Confirm with . or Enter, or press ? or * to list all spells.
Aiming: Searing Ray (safe; 1% risk of failure)
Press: ? - help, Shift-Dir - straight line, f - dart slug
Aim: a dart slug (100% to hit)
The searing ray hits the water moccasin!
The water moccasin is heavily wounded.
The searing ray hits the dart slug!
You kill the dart slug! (Press . to maintain the ray.)
You feel sick. The water moccasin bites you.
* * * LOW HITPOINT WARNING * * *
You are lethally poisoned!
The water moccasin poisons you! The water moccasin bites you.
* * * LOW HITPOINT WARNING * * *
You are more poisoned.
The water moccasin poisons you!
Unknown command.
The searing ray hits the water moccasin!
The water moccasin is almost dead.
* * * LOW HITPOINT WARNING * * *
You feel extremely sick. The water moccasin barely misses you.
Unknown command.
Unknown command.
Press: ? - help, Shift-Dir - straight line, f - water moccasin
Aim: a water moccasin (almost dead)
You exhale a wave of freezing cold.
The freezing breath hits the water moccasin!
You kill the water moccasin!
You die...

... #.# #.#####.#
#.......# #.# #
#.##.##.#
#.......#
#.##.#### #####
#@# # ##...###.#
#.....##.#
#........#
#.....####
##...## ##.##
##.##############
#...............(


There were no monsters in sight!

Vanquished Creatures
  Sigmund (D:5)
  Eustachio (D:5)
  A water moccasin (D:5)
  Duvessa (D:5)
  An ogre (D:5)
  Dowan (D:5)
  A jelly (D:4)
  3 hounds
  An iguana (D:5)
  A bullfrog skeleton (D:5)
  Terence (D:3)
  A scorpion zombie (D:5)
  2 hound skeletons
  3 adders
  2 gnolls (D:4)
  An adder zombie (D:5)
  A worm (D:5)
  5 dart slugs
  2 orcs
  5 ball pythons
  6 endoplasms
  8 goblins
  11 hobgoblins
  8 jackals (D:4)
  6 kobolds
  4 quokkas
  4 bats
  3 frilled lizards (D:3)
  4 rats
89 creatures vanquished.

Vanquished Creatures (others)
  19 plants (D:5)
  3 withered plants (D:5)
22 creatures vanquished.

Grand Total: 111 creatures vanquished

Notes
Turn   | Place    | Note
-------+----------+-------------------------------------------
     0 | D:1      | ZappyNine the Draconian Conjurer began the quest for the
                  | Orb.
     0 | D:1      | Reached XP level 1. HP: 14/14 MP: 3/3
   261 | D:1      | Reached XP level 2. HP: 22/22 MP: 1/5
   312 | D:1      | Reached skill level 1 in Fighting
   698 | D:1      | Learned a level 2 spell: Searing Ray
  1073 | D:1      | Reached XP level 3. HP: 28/28 MP: 3/6
  1477 | D:2      | You fall into a shaft and drop 1 floor!
  2214 | D:3      | Reached XP level 4. HP: 36/36 MP: 6/8
  2214 | D:3      | Found a sparkling altar of Nemelex Xobeh.
  2437 | D:3      | Noticed Terence
  2450 | D:3      | Killed Terence
  2688 | D:3      | Learned a level 4 spell: Fulminant Prism
  2810 | D:4      | Reached skill level 1 in Hexes
  2958 | D:4      | Found Buanis's CLEARANCE SALE! EVERYTHING MUST GO!.
  2969 | D:4      | Bought a potion of curing for 21 gold pieces
  3029 | D:4      | Reached XP level 5. HP: 41/42 MP: 9/9
  3511 | D:4      | Found a glowing golden altar of the Shining One.
  3648 | D:4      | Found an iron altar of Okawaru.
  4279 | D:5      | Entered Level 5 of the Dungeon
  4327 | D:5      | Reached XP level 6. HP: 28/50 MP: 10/10
  4497 | D:5      | Found an ancient bone altar of Kikubaaqudgha.
  4522 | D:5      | Noticed Sigmund
  4528 | D:5      | Killed Sigmund
  4575 | D:5      | Learned a level 3 spell: Dazzling Flash
  4867 | D:5      | Noticed Eustachio
  4896 | D:5      | Killed Eustachio
  4897 | D:5      | Reached skill level 5 in Conjurations
  4897 | D:5      | Your scales start taking on an icy white colour.
  4897 | D:5      | Reached XP level 7. HP: 21/57 MP: 0/12
  4897 | D:5      | Gained mutation: Your flesh is cold resistant. (rC+) [White
                  | Draconian growth]
  4906 | D:5      | Noticed Duvessa
  5011 | D:5      | Killed Duvessa
  5014 | D:5      | Noticed Dowan
  5240 | D:5      | Killed Dowan
  5623 | D:5      | Succumbed to a water moccasin's poison

Illustrated notes

Levels and vault maps discovered:
D:1:      psy_arrival_statuary, layout_loops_ring
D:2:      layout_loops_cross, st_stairs_7, kennysheep_boxes
D:3:      layout_basic, mainiacjoe_overflow_brackets, uniq_terence
D:4:      layout_loops_corners, okawaru_altar_gauntlet_db, tso_altar,
          nicolae_shop_clearance
D:5:      minmay_diamond_boxcup, layout_loops_ring, trog_hazing_becter,
          kiku_gazebo_garden_becter, mainiacjoe_overflow_boulevard,
          serial_bayou_pond_c, uniq_pikel, uniq_duvessa, uniq_sigmund,
          uniq_eustachio, uniq_crazy_yiuf_cottage

Skill      XL: |  1  2  3  4  5  6  7 |
---------------+----------------------+-----
Fighting       | 1 2 3 4 |  4.1
Spellcasting   | 3 4 |  4.1
Hexes          | 1 3 4 |  4.9
Conjurations   | 5 |  5.6
Dodging        | |  1.7
Stealth        | |  1.7

Action                   |  1- 3 |  4- 6 |  7- 9 || total
-------------------------+-------+-------+-------++-------
Melee: Unarmed           |    22 |       |       ||    22
       Tailslap          |     7 |    15 |     6 ||    28
       Club              |    98 |       |       ||    98
       Dagger            |       |   151 |    64 ||   215
 Cast: Magic Dart        |    27 |       |       ||    27
       Searing Ray       |     6 |    14 |     8 ||    28
 Abil: Breathe Frost     |       |       |     3 ||     3
  Use: Potion            |       |       |     3 ||     3
 Stab: Sleeping          |     3 |     2 |       ||     5
Armor: Skin              |    41 |    57 |    15 ||   113
Dodge: Dodged            |   101 |   130 |    44 ||   275
